 Dungeon Crawl Stone Soup version 0.27.1-33-g824d729ab1 (webtiles) character file.

Game seed: 18197235183217752479

226 Kaptain the Digger (level 6, 0/38 HPs)
             Began as an Octopode Earth Elementalist on Dec 19, 2021.
             Slain by a centaur zombie (2 damage)
             ... on level 4 of the Dungeon.
             The game lasted 00:09:11 (3159 turns).

Kaptain the Digger (Octopode Earth Elementalist)    Turns: 3159, Time: 00:09:12

Health: 0/38       AC:  1    Str:  7    XL:     6   Next: 1%
Magic:  10/10      EV: 13    Int: 20    God:
Gold:   135        SH:  0    Dex: 12    Spells: 7/11 levels left

rFire    . . .     SeeInvis .   n - +0 dagger (venom)
rCold    . . .     Faith    .   (no shield)
rNeg     . . .     Spirit   .   (helmet restricted)
rPois    .         Reflect  .   (no amulet)
rElec    .         Harm     .   (no ring)
rCorr    .         Rampage  .   (no ring)
Will     .....                  (no ring)
Stlth    +++.......             (no ring)
HPRegen  0.12/turn              (no ring)
MPRegen  0.12/turn              (no ring)
                                (no ring)
                                (no ring)

@: no status effects
A: almost no armour, amphibious, 8 rings, camouflage 1, gelatinous body 1,
(nimble swimmer 1), tentacles
a: no special abilities


You were on level 4 of the Dungeon.
You visited 1 branch of the dungeon, and saw 4 of its levels.

You collected 135 gold pieces.

Inventory:

Hand Weapons
 b - a +0 short sword
 c - a +0 dagger
 i - a +0 trident
 l - a +0 dagger of electrocution
 n - a +0 dagger of venom (weapon)
Missiles
 h - 63 stones
Armour
 e - a +0 buckler
Jewellery
 g - an amulet of guardian spirit
Wands
 m - a wand of paralysis (5)
Scrolls
 d - 3 scrolls of identify
 j - a scroll of amnesia
 o - a scroll of silence {unknown}
 q - a scroll of summoning {unknown}
Potions
 a - a potion of invisibility
 k - a potion of attraction {unknown}
 p - a potion of heal wounds {unknown}


   Skills:
 + Level 1.5 Fighting
 + Level 2.6 Dodging
 + Level 3.7 Stealth
 + Level 1.3 Shields
 * Level 3.2 Spellcasting
 + Level 2.0 Transmutations
 * Level 4.0 Earth Magic


You had 7 spell levels left.
You knew the following spells:

 Your Spells              Type           Power      Damage    Failure   Level
a - Sandblast             Erth           38%        2d10      2%          1
b - Stone Arrow           Conj/Erth      22%        3d8       19%         3

Your spell library contained the following spells:

 Spells                   Type           Power      Damage    Failure   Level
 Passwall                 Tmut/Erth      12%        N/A       6%          2
 Animate Skeleton         Necr           6%         N/A       14%         1
 Apportation              Tloc           6%         N/A       14%         1
 Corona                   Hex            3%         N/A       14%         1
 Summon Small Mammal      Summ           12%        N/A       14%         1
 Ensorcelled Hibernation  Hex/Ice        6%         N/A       22%         2
 Ignite Poison            Fire/Tmut/Pois 5%         N/A       32%         3
 Petrify                  Tmut/Erth      15%        N/A       36%         4
 Conjure Flame            Conj/Fire      3%         6-21      38%         3
 Tukima's Dance           Hex            3%         N/A       38%         3
 Sticky Flame             Conj/Fire      3%         2d3       80%         4


Dungeon Overview and Level Annotations

Branches:
Dungeon (4/15)
 Temple: D:4-7

Altars:


Innate Abilities, Weirdness & Mutations

You cannot wear most types of armour.
You are amphibious.
You can wear up to eight rings at the same time.
Your skin changes colour to match your surroundings (Stealth+).
Your rubbery body absorbs attacks. (AC +1, EV +1)
((You are camouflaged near water. (Stealth+)))
You have tentacles for arms and can constrict up to eight enemies at once.


Message History

The blast of sand hits the orc priest!
The orc priest is severely wounded.
The orc priest calls down the wrath of Beogh upon you.
Beogh smites you!
* * * LOW HITPOINT WARNING * * *
The centaur zombie hits you.
* * * LOW HITPOINT WARNING * * *
The centaur zombie kicks you.
* * * LOW HITPOINT WARNING * * *
Okay, then.
Unknown command.
Casting: Sandblast (safe; 3% risk of failure)
Confirm with . or Enter, or press ? or * to list all spells.
Aiming: Sandblast (safe; 3% risk of failure)
Press: ? - help, Shift-Dir - straight line, f/p - orc priest
Aim: an orc priest, wielding a +0 short sword and wearing a +0 ring mail (severely wounded, 82% to hit)
The blast of sand hits the orc priest but does no damage.
The orc priest is severely wounded.
The orc priest completely misses you.
The centaur zombie closely misses you. x2
Unknown command.
Casting: Sandblast (safe; 3% risk of failure)
Confirm with . or Enter, or press ? or * to list all spells.
Aiming: Sandblast (safe; 3% risk of failure)
Press: ? - help, Shift-Dir - straight line, f/p - orc priest
Aim: an orc priest, wielding a +0 short sword and wearing a +0 ring mail (severely wounded, 82% to hit)
The blast of sand hits the orc priest.
You kill the orc priest!
The centaur zombie barely misses you. The centaur zombie kicks you.
* * * LOW HITPOINT WARNING * * *
The centaur zombie misses you. The centaur zombie kicks you.
* * * LOW HITPOINT WARNING * * *
Your Transmutations skill increases to level 2!
Your Earth Magic skill increases to level 4!
You have reached level 6!
Your experience leads to an increase in your attributes!
Increase (S)trength, (I)ntelligence, or (D)exterity?
You feel clever.
It was a potion of magic.
Magic courses through your body. The centaur zombie hits you.
You die...

#+### #.#.
#######..
#.....Z)#
#......@# #
#.......#.#
#.........#
#....<..###
#.......#
#.......#
#########


You could see a centaur zombie.

Vanquished Creatures
  An orc priest (D:4)
  Ijyb (D:3)
  An orc wizard (D:4)
  Robin (D:3)
  5 adders
  2 worms
  A dart slug (D:2)
  2 orcs (D:4)
  5 ball pythons
  6 bats
  An endoplasm (D:1)
  5 giant cockroaches
  15 goblins
  5 hobgoblins
  8 jackals
  3 quokkas (D:3)
  3 frilled lizards
  5 kobolds
  8 rats
78 creatures vanquished.

Notes
Turn   | Place    | Note
-------+----------+-------------------------------------------
     0 | D:1      | Kaptain the Octopode Earth Elementalist began the quest for
                  | the Orb.
     0 | D:1      | Reached XP level 1. HP: 11/11 MP: 3/3
   119 | D:1      | Reached XP level 2. HP: 17/17 MP: 3/5
   764 | D:2      | Reached XP level 3. HP: 22/22 MP: 4/6
  1136 | D:2      | Learned a level 3 spell: Stone Arrow
  1461 | D:2      | Reached XP level 4. HP: 24/27 MP: 0/7
  2291 | D:3      | Noticed Robin
  2372 | D:3      | Reached skill level 1 in Fighting
  2441 | D:3      | Killed Robin
  2455 | D:3      | Reached skill level 1 in Shields
  2472 | D:3      | Reached XP level 5. HP: 28/33 MP: 3/9
  2535 | D:3      | Noticed Ijyb
  2541 | D:3      | Paralysed by Ijyb for 4 turns
  2547 | D:3      | Killed Ijyb
  3158 | D:4      | HP: 1/33 [centaur zombie (1)]
  3159 | D:4      | Reached skill level 4 in Earth Magic
  3159 | D:4      | Reached XP level 6. HP: 1/38 MP: 1/10
  3159 | D:4      | Slain by a centaur zombie

Illustrated notes

Levels and vault maps discovered:
D:1:      dpeg_arrival_fog, layout_rooms
D:2:      minmay_chambers_of_ones, layout_loops_corners, corner_web_ring
D:3:      layout_rooms, uniq_robin, uniq_ijyb
D:4:      layout_loops_cross, serial_undead, serial_undead_c, serial_undead_f,
          serial_undead_a, serial_undead_e, serial_undead_f, serial_undead_a,
          kennysheep_generic_room_11, uniq_edmund

Skill      XL: |  1  2  3  4  5 |
---------------+----------------+-----
Stealth        | 3 |  3.7
Fighting       | 1 |  1.5
Shields        | 1 |  1.3
Spellcasting   | 3 |  3.2
Transmutations | 2 |  2.0
Earth Magic    | 4 |  4.0
Dodging        | |  2.6

Action                   |  1- 3 |  4- 6 || total
-------------------------+-------+-------++-------
Melee: Unarmed           |     6 |       ||     6
       Dagger            |    19 |    13 ||    32
       Constrict         |     4 |    10 ||    14
       Tentacles         |     2 |     6 ||     8
       Short sword       |     5 |    29 ||    34
 Cast: Sandblast         |    30 |    42 ||    72
       Stone Arrow       |     2 |       ||     2
  Use: Scroll            |     2 |     1 ||     3
       Potion            |       |     1 ||     1
 Stab: Sleeping          |     4 |    13 ||    17
Armor: Skin              |    10 |     2 ||    12
Dodge: Dodged            |    32 |    41 ||    73
